 Dungeon Crawl Stone Soup version 0.21.0-3-g78d12a8 (webtiles) character file.

1 FrothyCoffee the Firebug (level 1, -1/14 HPs)
             Began as a Draconian Fire Elementalist on Jan 9, 2018.
             Slain by a hobgoblin (3 damage)
             ... on level 1 of the Dungeon.
             The game lasted 00:00:53 (19 turns).

FrothyCoffee the Firebug (DrFE)                       Turns: 19, Time: 00:00:54

Health: -1/14      AC:  4    Str: 10    XL:     1   Next: 16%
Magic:  0/3        EV: 12    Int: 15    God:
Gold:   0          SH:  0    Dex: 11    Spells: 3/4 levels left

rFire    . . .     SeeInvis .   (no weapon)
rCold    . . .     Gourm    .   (no shield)
rNeg     . . .     Faith    .   (armour unavailable)
rPois    .         Spirit   .   (helmet restricted)
rElec    .         Reflect  .   (no cloak)
rCorr    .         Harm     .   (no gloves)
MR       .....                  (no boots)
Stlth    ++........             (no amulet)
HPRegen  0.04/turn              (no ring)
MPRegen  0.08/turn              (no ring)

@: very slightly contaminated
A: unfitting armour, cold-blooded, AC +4
a: no special abilities


You were on level 1 of the Dungeon.
You were not hungry.

You visited 1 branch of the dungeon, and saw 1 of its levels.

Inventory:

Books
 a - a book of Flames
Comestibles
 e - a ration


   Skills:
 - Level 1.7 Dodging
 - Level 1.7 Stealth
 + Level 2.0 Spellcasting
 * Level 1.0 Conjurations
 * Level 3.0 Fire Magic


You had 3 spell levels left.
You knew the following spells:

 Your Spells              Type           Power        Failure   Level  Hunger
a - Flame Tongue          Conj/Fire      #....        10%         1    #......


Dungeon Overview and Level Annotations

Branches:
Dungeon (1/15)

Altars:


Innate Abilities, Weirdness & Mutations

Your plain brown scales are hard. (AC +4)
You cannot fit into any form of body armour.
You are cold-blooded and may be slowed by cold attacks.


Message History

e - a ration Welcome, FrothyCoffee the Draconian Fire Elementalist.
The bosom of this dungeon contains the fabled artefact, the Orb of Zot.
Found a staircase leading out of the dungeon.
Unknown command.
You open the large door.
A hobgoblin comes into view.
The hobgoblin shouts!
Found 19 stones.
A hobgoblin comes into view.
Aim: a hobgoblin The flame tongue hits the hobgoblin.
The hobgoblin shouts!
The hobgoblin throws a stone.
The stone barely misses you.
Aim: a hobgoblin (severely wounded)
You miscast Flame Tongue.
You are very lightly contaminated with residual magic.
Wisps of smoke drift from your hands.
The hobgoblin throws a stone.
The stone hits you but does no damage.
The hobgoblin throws a stone.
The stone hits you but does no damage.
Aim: a hobgoblin (severely wounded)
The flame tongue misses the hobgoblin.
The hobgoblin throws a stone.
The stone hits you.
The hobgoblin throws a stone.
The stone barely misses you.
You don't have enough magic to cast that spell.
You close the large door.
A hobgoblin opens the large door.
You close the large door.
A hobgoblin opens the large door.
The hobgoblin throws a stone.
The stone misses you.
You close the large door.
A hobgoblin opens the large door.
The hobgoblin throws a stone.
The stone barely misses you.
You close the large door.
A hobgoblin opens the large door.
The hobgoblin throws a stone.
The stone closely misses you.
You close the large door.
A hobgoblin opens the large door.
You don't have enough magic to cast that spell.
You closely miss the hobgoblin. You hit the hobgoblin but do no damage.
The hobgoblin throws a stone.
The stone misses you. The hobgoblin misses you.
You barely miss the hobgoblin. The hobgoblin barely misses you.
You hit the hobgoblin. The hobgoblin hits you. x2
Aim: a hobgoblin (heavily wounded)
The flame tongue hits the hobgoblin.
The hobgoblin hits you.
* * * LOW HITPOINT WARNING * * *
The hobgoblin closely misses you.
You barely miss the hobgoblin. The hobgoblin hits you.
* * * LOW HITPOINT WARNING * * *
The hobgoblin completely misses you.
You hit the hobgoblin.
You kill the hobgoblin!
The hobgoblin hits you.
You die...

##+## ≈≈≈≈≈ ...
..( ##'##
####8g8####
##....@(...##
#...........##
##............#
+8....(<.......
#+...(........#
#.....(.....##
##.........##
###8+8#8###
###+###


You could see a hobgoblin.

Vanquished Creatures
  A hobgoblin (D:1)
1 creature vanquished.

Notes
Turn   | Place    | Note
-------+----------+-------------------------------------------
     0 | D:1      | FrothyCoffee the Draconian Fire Elementalist began the quest for the Orb.
     0 | D:1      | Reached XP level 1. HP: 14/14 MP: 3/3
    19 | D:1      | Slain by a hobgoblin

Action                   || total
-------------------------++-------
Melee: Unarmed           ||     6
 Cast: Flame Tongue      ||     3
Armor: Skin              ||     1
Dodge: Dodged            ||    10
